Map: Abyssal Reef LE

Players

LiquidSnute (Snute) - Winner!

  • Race: Zerg Zerg
  • Spawn Location: 5:00

Mamba

  • Race: Zerg Zerg
  • Spawn Location: 11:00

Event: IEM XI Katowice - World Championship 2017

VOD

Have the link to the VOD?

Description

Time

  • Played on: Feb. 27, 2017, 7:07 a.m.
  • Length: 3:27

All games in this series

Show
View Real Time Build Order
Export as new Build Order

LiquidSnute Zerg - Winner!

Build Orders: Pool Only 

Get SALT Encoding   

  12  0:00  Drone  
  13  0:12  Extractor  
  12  0:24  Spawning Pool  
  11  0:28  Drone  
  11  0:33  Drone  
  13  0:37  Drone  
  14  0:49  Overlord  
  14  1:10  Zergling x2, Queen  
  17  1:17  Metabolic Boost  
  17  1:21  Zergling x2  
  19  1:25  Zergling x2  
  19  1:30  Zergling x2  
  20  1:42  Baneling Nest  
  20  1:46  Zergling x2  
  20  1:52  Zergling x2  
  21  1:57  Overlord  
  21  2:06  Zergling x2  
  22  2:18  Zergling x6  
  26  2:22  Zergling x2  
  26  2:26  Baneling x2  
  26  2:27  Baneling  
  26  2:31  Zergling x2  
  27  2:39  Zergling x2  
  27  2:44  Baneling  
  27  2:54  Zergling x4  
  28  3:00  Zergling x4  
  28  3:06  Zergling x2  
Show
View Real Time Build Order
Export as new Build Order

Mamba Zerg 

Build Orders: Hatch First 

Get SALT Encoding   

  12  0:00  Drone  
  13  0:12  Overlord  
  13  0:18  Drone  
  14  0:31  Drone x2  
  14  0:35  Drone  
  17  0:52  Hatchery  
  17  0:55  Drone  
  17  0:58  Drone  
  17  1:02  Extractor  
  17  1:13  Spawning Pool  
  17  1:16  Drone  
  17  1:20  Drone  
  18  1:30  Drone  
  19  1:40  Overlord  
  19  1:50  Drone  
  20  1:59  Queen  
  22  2:01  Metabolic Boost  
  22  2:04  Queen  
  22  2:05  Zergling x2  
  22  2:07  Drone  
  26  2:11  Drone  
  26  2:15  Drone  
  28  2:21  Zergling x2  
  29  2:30  Zergling x2  
  29  2:34  Spine Crawler  
  29  2:37  Baneling Nest  
  29  2:39  Zergling x4  
  30  2:48  Zergling x4  
  31  2:56  Zergling x2  
  28  3:02  Zergling x2  

Tags
 
Add a new tag
Caveats
  • Supply blocks, unpowered buildings, or Contaminate may cause inaccurate times.
  • Supply counts are checked every 10 seconds.